 Dungeon Crawl Stone Soup version 0.28-a0-803-g74956062c1 (webtiles) character file.

Game seed: 14989077782861909304

1495 Glokmah the Chiller (level 8, -3/67 HPs)
             Began as a Pale Draconian Ice Elementalist on Nov 7, 2021.
             Slain by a vampire (11 damage)
             ... on level 6 of the Dungeon.
             The game lasted 00:16:02 (6656 turns).

Glokmah the Chiller (DrIE)                          Turns: 6656, Time: 00:16:03

Health: -3/67      AC: 16    Str: 11    XL:     8   Next: 51%
Magic:  14/14      EV: 13    Int: 15    God:
Gold:   257        SH:  0    Dex: 11    Spells: 4/15 levels left

rFire   + + .      SeeInvis .   b - +10 flail of Stained Reinforcement {drain, +Blink rF++ Will+ Int-3}
rCold   . . .      Faith    .   (no shield)
rNeg    . . .      Spirit   .   (armour unavailable)
rPois   .          Reflect  .   (helmet restricted)
rElec   .          Harm     .   f - +0 cloak
rCorr   .          Rampage  .   h - +1 pair of gloves
Will    +....                   (no boots)
Stlth   ++........              p - amulet of magic regeneration
HPRegen 0.21/turn               (no ring)
MPRegen 0.39/turn               (no ring)

@: mighty, ice-armoured
A: breathe steam, AC +6, unfitting armour, cold-blooded, steam resistance
a: Breathe Steam, Evoke Blink


You were on level 6 of the Dungeon.
You visited 1 branch of the dungeon, and saw 6 of its levels.

You collected 257 gold pieces.

Inventory:

Hand Weapons
 a - a +3 quarterstaff of chaos
 b - the +10 flail of Stained Reinforcement (weapon) {drain, +Blink rF++ Will+ Int-3}
   (You found it on level 4 of the Dungeon)

   A truly terrible weapon, it drains the life of any living foe it strikes.
   Int:       It affects your intelligence (-3).
   rF:        It greatly protects you from fire.
   +Blink:    It lets you blink.
   Will:      It increases your willpower.
 j - a +0 dagger
Armour
 f - a +0 cloak (worn)
 h - a +1 pair of gloves (worn)
 l - a +0 buckler
Jewellery
 p - an amulet of magic regeneration (around neck)
Scrolls
 r - 3 scrolls of noise
Potions
 c - a potion of haste
 d - a potion of magic {unknown}
 e - 2 potions of curing
 i - a potion of cancellation {unknown}
 k - a potion of lignification {unknown}
 n - 2 potions of resistance {unknown}
 o - a potion of heal wounds {unknown}


   Skills:
 + Level 4.6 Fighting
 + Level 4.4 Dodging
 - Level 1.7 Stealth
 + Level 4.4 Spellcasting
 + Level 2.5 Conjurations
 * Level 7.4 Ice Magic
 + Level 2.4 Evocations


You had 4 spell levels left.
You knew the following spells:

 Your Spells              Type           Power      Damage    Failure   Level
a - Freeze                Ice            100%       1d11      1%          1
b - Frozen Ramparts       Ice            50%        1d7       2%          3
c - Ozocubu's Armour      Ice            25%        N/A       2%          3
d - Hailstorm             Conj/Ice       18%        3d6       22%         4

Your spell library contained the following spells:

 Spells                   Type           Power      Damage    Failure   Level
 Ensorcelled Hibernation  Hex/Ice        28%        N/A       5%          2
 Spider Form              Tmut/Pois      3%         N/A       45%         3
 Petrify                  Tmut/Erth      3%         N/A       86%         4
 Metabolic Englaciation   Hex/Ice        7%         N/A       71%         5
 Statue Form              Tmut/Erth      2%         N/A       100%        6


Dungeon Overview and Level Annotations

Branches:
Dungeon (6/15)
 Temple: D:4-7

Altars:
Ashenzari
Fedhas
Okawaru

Shops:
D:2 (


Innate Abilities, Weirdness & Mutations

You can breathe blasts of scalding, opaque steam.
Your pale cyan-grey scales are hard. (AC +6)
You cannot fit into any form of body armour.
You are cold-blooded and may be slowed by cold attacks.
You are immune to the effects of steam.


Message History

The vampire draws life force from you!
* * * LOW HITPOINT WARNING * * *
The vampire is healed by the life force!
The vampire hits you but does no damage.
The vampire barely misses you.
You feel better.
The vampire casts a spell.
The vampire flickers and vanishes!
Deactivating autopickup; reactivate with Ctrl-A.
Your icy armour will break if you move.
Continue? [Y]es or [N]o only, please.
Your icy armour will break if you move.
Continue? [Y]es or [N]o only, please.
Your icy armour will break if you move.
Continue?
You closely miss something. Something hits you.
Something bites you but does no damage.
Your icy armour will break if you move.
Continue?
Okay, then.
Unknown command.
Okay, then.
Okay, then.
You feel very mighty all of a sudden. Something draws life force from you!
* * * LOW HITPOINT WARNING * * *
Your icy armour will break if you move.
Continue? [Y]es or [N]o only, please.
Your icy armour will break if you move.
Continue? [Y]es or [N]o only, please.
Your icy armour will break if you move.
Continue? [Y]es or [N]o only, please.
Your icy armour will break if you move.
Continue? [Y]es or [N]o only, please.
Your icy armour will break if you move.
Continue?
You barely miss something. Something hits you but does no damage.
Something bites you!
* * * LOW HITPOINT WARNING * * *
Something draws strength from your injuries!
Your icy armour will break if you move.
Continue?
You miss something. Something hits you!
You die...

..# #####..#
#.#....#
#..<...#
########..##.##
........<(...#
######.######
#....# #.#@{# #
#....# ...#.#
###....# #.#..#
#.#### #.. ##


There were no monsters in sight!

Vanquished Creatures
  Sigmund (D:2)
  Eustachio (D:5)
  2 black bears (D:5)
  An ogre (D:5)
  A centaur (D:5)
  A phantom (D:4)
  2 scorpions
  A bullfrog skeleton (D:5)
  A bullfrog zombie (D:5)
  2 hounds
  3 orc priests
  Crazy Yiuf (D:2)
  Terence (D:3)
  Jessica (D:3)
  Natasha (thrice) (D:2)
  3 orc wizards
  A howler monkey zombie (D:4)
  Robin (D:2)
  8 adders
  2 white imps (D:5)
  2 ufetubi (D:4)
  An adder skeleton (D:4)
  7 dart slugs
  6 orcs
  6 endoplasms
  7 giant cockroaches
  17 goblins
  6 hobgoblins
  5 kobolds
  4 quokkas
  5 ball pythons
  4 bats
  4 frilled lizards (D:1)
  8 rats
119 creatures vanquished.

Notes
Turn   | Place    | Note
-------+----------+-------------------------------------------
     0 | D:1      | Glokmah the Draconian Ice Elementalist began the quest for
                  | the Orb.
     0 | D:1      | Reached XP level 1. HP: 14/14 MP: 3/3
   235 | D:1      | Reached XP level 2. HP: 22/22 MP: 1/5
   629 | D:1      | Reached skill level 1 in Fighting
   909 | D:1      | Reached XP level 3. HP: 27/28 MP: 3/6
   913 | D:1      | Learned a level 3 spell: Frozen Ramparts
  1368 | D:2      | Noticed Sigmund
  1856 | D:2      | Noticed Robin
  1863 | D:2      | Reached XP level 4. HP: 35/35 MP: 3/7
  1872 | D:2      | Killed Robin
  1934 | D:2      | Learned a level 3 spell: Ozocubu's Armour
  2023 | D:2      | Killed Sigmund
  2024 | D:2      | Reached skill level 5 in Ice Magic
  2024 | D:2      | Reached XP level 5. HP: 38/42 MP: 1/9
  2299 | D:2      | Found a runed translucent door.
  2300 | D:2      | Noticed Crazy Yiuf
  2307 | D:2      | Killed Crazy Yiuf
  2308 | D:2      | Reached XP level 6. HP: 44/50 MP: 1/10
  2605 | D:2      | Noticed Natasha
  2618 | D:2      | Killed Natasha
  2728 | D:2      | Found Xaimumic's Antique Weapon Boutique.
  2755 | D:2      | Noticed Natasha
  2761 | D:2      | Killed Natasha
  3114 | D:2      | Noticed Natasha
  3123 | D:2      | Killed Natasha
  3303 | D:3      | Noticed Jessica
  3313 | D:3      | Killed Jessica
  3390 | D:3      | Found a faded altar of an unknown god.
  3390 | D:3      | Noticed a soul eater
  3390 | D:3      | Noticed Terence
  3395 | D:3      | Killed Terence
  3567 | D:3      | Reached skill level 6 in Ice Magic
  4283 | D:4      | Your scales start taking on a pale cyan-grey colour.
  4283 | D:4      | Reached XP level 7. HP: 49/57 MP: 6/12
  4283 | D:4      | Gained mutation: You are immune to the effects of steam.
                  | [Pale Draconian growth]
  4288 | D:4      | Learned a level 4 spell: Hailstorm
  4844 | D:4      | Found an iron altar of Okawaru.
  4909 | D:4      | Identified the +10 flail of Stained Reinforcement {drain,
                  | +Blink rF++ Will+ Int-3}
  5073 | D:4      | Reached skill level 1 in Conjurations
  5436 | D:5      | Entered Level 5 of the Dungeon
  5440 | D:5      | Found a broken altar of Ashenzari.
  5503 | D:5      | Found a blossoming altar of Fedhas.
  5506 | D:5      | Noticed Eustachio
  5514 | D:5      | Killed Eustachio
  5515 | D:5      | Reached skill level 1 in Evocations
  5593 | D:5      | Reached XP level 8. HP: 66/66 MP: 12/14
  5621 | D:5      | Reached skill level 7 in Ice Magic
  6656 | D:6      | Slain by a vampire

Illustrated notes

Levels and vault maps discovered:
D:1:      lemuel_arrival_behind_the_door_small, layout_basic, serial_park_tiny_1
D:2:      layout_loops_cross, serial_shops, nicolae_shop_waterfront,
          uniq_sigmund, uniq_robin, uniq_natasha, uniq_crazy_yiuf_cottage
D:3:      layout_basic, dreamdust_ecumenical_altar_sealed_demon, hex_tiny,
          uniq_jessica, uniq_terence
D:4:      layout_basic, nicolae_overflow_crystal_walls,
          chequers_serial_rivers_micro_e
D:5:      layout_loops_ring, evilmike_ruin_ashenzari,
          mainiacjoe_overflow_cross_hatched, minmay_misc_feat_diagonals,
          grunt_ministairs_1, uniq_eustachio
D:6:      layout_basic, nicolae_dithmenos_through_a_glass_darkly,
          nicolae_ru_sacrificial_ziggurat, mainiacjoe_overflow_brackets

Skill      XL: |  1  2  3  4  5  6  7  8 |
---------------+-------------------------+-----
Dodging        | 2 3 4 |  4.4
Fighting       | 1 2 3 4 |  4.6
Spellcasting   | 3 4 |  4.4
Ice Magic      | 5 6 7 |  7.4
Conjurations   | 1 2 |  2.5
Evocations     | 1 2 |  2.4
Stealth        | |  1.7

Action                   |  1- 3 |  4- 6 |  7- 9 || total
-------------------------+-------+-------+-------++-------
Melee: Unarmed           |    24 |       |       ||    24
       Tailslap          |     2 |     2 |     5 ||     9
       Dagger            |     3 |    13 |       ||    16
       Quarterstaff      |       |    20 |    23 ||    43
       Flail             |       |       |    60 ||    60
 Cast: Freeze            |    48 |    22 |     8 ||    78
       Frozen Ramparts   |     4 |    16 |     8 ||    28
       Ozocubu's Armour  |       |     3 |     3 ||     6
  Use: Scroll            |       |     7 |     3 ||    10
       Potion            |       |       |     2 ||     2
 Stab: Sleeping          |       |     1 |     3 ||     4
Armor: Skin              |    22 |    11 |    47 ||    80
Dodge: Dodged            |    39 |    24 |    71 ||   134

Table legend: (Time is in decaauts)
 A = Elapsed time spent in this place.
 B = Non-inter-level travel time spent in this place.
 C = Inter-level travel time spent in this place.
 D = Time resting spent in this place.
 E = Time spent auto-exploring this place.
 F = Levels seen in this place.
 G = Mean time per level.
                   A        B        C        D        E       F      G
               +--------+--------+--------+--------+--------+-----+--------+
         Total |   6697 |   6346 |    351 |   1292 |   4084 |   6 | 1116.2 |
       Dungeon |   6697 |   6346 |    351 |   1292 |   4084 |   6 | 1116.2 |
               +--------+--------+--------+--------+--------+-----+--------+

Top non-repeatable levels by time:
     D:1: 1820 daAuts
     D:2: 1331 daAuts
     D:4: 1187 daAuts
     D:5: 1167 daAuts
     D:3: 1118 daAuts
     D:6: 72 daAuts
